 Dungeon Crawl Stone Soup version 0.19.0-2-gae57169 (webtiles) character file.

467 dorian the Chucker (level 7, -1/71 HPs)
             Began as an Ogre Hunter on Nov 4, 2016.
             Slain by a killer bee (6 damage)
             ... on level 4 of the Dungeon.
             The game lasted 00:11:08 (4552 turns).

dorian the Chucker (Ogre Hunter)                    Turns: 4552, Time: 00:11:09

Health: -1/71      AC:  3    Str: 20    XL:     7   Next: 8%
Magic:  0/7        EV: 10    Int: 15    God:
Gold:   0          SH:  0    Dex: 10    Spells: 0 memorised, 6 levels left

rFire  . . .     SeeInvis .     w - +0 morningstar
rCold  . . .     Gourm    .     b - +0 robe
rNeg   . . .     Faith    .     (no shield)
rPois  +         Spirit   +     (helmet restricted)
rElec  .         Reflect  .     (no cloak)
rCorr  .         Harm     .     (gloves unavailable)
MR     .....                    (boots unavailable)
Stlth  +.........               s - amulet of guardian spirit
                                o - ring of poison resistance
                                e - +5 ring of intelligence

@: no status effects
A: unfitting armour, tough skin 1
a: no special abilities


You were on level 4 of the Dungeon.
You were not hungry.

You visited 1 branch of the dungeon, and saw 4 of its levels.

You collected 181 gold pieces.
You spent 181 gold pieces at shops.

Inventory:

Hand Weapons
 q - a +0 mace
 t - a +0 flail
 w - a +0 morningstar (weapon)
Missiles
 c - 7 large rocks (quivered)
Armour
 b - a +0 robe (worn)
Jewellery
 e - a +5 ring of intelligence (left hand)
 o - a ring of poison resistance (right hand)
 s - an amulet of guardian spirit (around neck)
Wands
 g - a wand of disintegration (2/24)
 v - a wand of digging (12/24)
Scrolls
 i - 8 scrolls of identify {unknown}
 m - 3 scrolls of remove curse {unknown}
 n - a scroll of enchant weapon {unknown}
 p - 2 scrolls of teleportation
 u - 2 scrolls of blinking
 x - a scroll of recharging {unknown}
 z - a scroll of fear
 A - a scroll of noise {unknown}
Potions
 a - 2 potions of lignification {unknown}
 j - 4 potions of curing {unknown}
 k - 2 potions of cure mutation {unknown}
 l - a potion of flight {unknown}
 r - a potion of mutation {unknown}
Comestibles
 f - 4 bread rations
 B - a meat ration


   Skills:
 + Level 4.4 Fighting
 + Level 5.6 Maces & Flails
 + Level 6.3 Throwing
 - Level 1.7 Dodging
 - Level 0.6 Stealth


You had 6 spell levels left.
You didn't know any spells.

Dungeon Overview and Level Annotations

Branches:
Dungeon (4/15)
 Temple: D:4-7

Altars:
Dithmenos
Fedhas
The Shining One

Shops:
D:4 [?*=

Annotations:
D:3 Philosophy's ghost, amateur OgHu


Innate Abilities, Weirdness & Mutations

You are too large for most types of armour.
You have tough skin. (AC +1)


Message History

The killer bee misses you.
You miss the killer bee. The killer bee closely misses you. x2
You miss the killer bee. The killer bee barely misses you.
The killer bee stings you!
The killer bee stings you but does no damage.
You thump the killer bee!
The killer bee is almost dead.
The killer bee stings you.
* * * LOW HITPOINT WARNING * * *
The killer bee barely misses you.
You closely miss the killer bee.
The killer bee is almost dead.
The killer bee closely misses you. The killer bee stings you!
* * * LOW HITPOINT WARNING * * *
The killer bee stings you!
* * * LOW HITPOINT WARNING * * *
You closely miss the killer bee.
The killer bee is almost dead.
The killer bee stings you!
You die...

#.#####..## ##.## ##.#
##..## #..# #..#
##..#####.. #.##
##........ #.#
#######.. #.# #..
##.##### ##.
##..<...## #.
##...@....## ####.
#....y.....# ##...∩
#..........# ##..##.
#..........#####..###.
#................####.
#..........####### #..
##...(....## #.....#
##........## #.#####
#..........# .......


You could see a killer bee.

Vanquished Creatures
  2 killer bees
  2 orc priests
  2 hounds (D:4)
  2 orc wizards
  3 worker ants (D:4)
  A gnoll (D:1)
  3 adders
  An ooze (D:3)
  A worm (D:2)
  A dart slug (D:2)
  2 leopard geckos
  14 orcs
  4 giant cockroaches
  3 goblins
  7 hobgoblins
  6 jackals
  2 quokkas
  2 ball pythons
  5 bats
  3 frilled lizards
  7 kobolds
  8 rats
81 creatures vanquished.

Notes
Turn   | Place    | Note
-------+----------+-------------------------------------------
     0 | D:1      | dorian the Ogre Hunter began the quest for the Orb.
     0 | D:1      | Reached XP level 1. HP: 22/22 MP: 1/1
   548 | D:1      | Reached skill level 1 in Maces & Flails
   603 | D:1      | Reached XP level 2. HP: 21/29 MP: 2/2
  1047 | D:1      | Reached XP level 3. HP: 25/36 MP: 3/3
  1889 | D:2      | Reached XP level 4. HP: 44/44 MP: 4/4
  2100 | D:2      | Reached skill level 5 in Throwing
  2878 | D:3      | Noticed Philosophy's ghost (amateur OgHu)
  2991 | D:3      | Reached XP level 5. HP: 30/50 MP: 2/5
  3544 | D:4      | Reached XP level 6. HP: 25/61 MP: 3/6
  3761 | D:4      | Found Xifrubb's Jewellery Boutique.
  3767 | D:4      | Reached skill level 5 in Maces & Flails
  3786 | D:4      | Found Zobaih's General Store.
  3795 | D:4      | Found Lopuwolo's Antique Armour Boutique.
  3852 | D:4      | Found Qeotul's Magic Scroll Boutique.
  3858 | D:4      | Found a glowing golden altar of the Shining One.
  3860 | D:4      | Bought a scroll of blinking for 97 gold pieces
  3860 | D:4      | Bought a scroll of fear for 45 gold pieces
  3860 | D:4      | Bought a scroll of teleportation for 39 gold pieces
  3865 | D:4      | Found a blossoming altar of Fedhas.
  3865 | D:4      | Found a shadowy altar of Dithmenos.
  3906 | D:4      | Reached skill level 6 in Throwing
  4325 | D:3      | Reached XP level 7. HP: 39/71 MP: 5/7
  4552 | D:4      | Slain by a killer bee

Skill      XL: |  1  2  3  4  5  6 |
---------------+-------------------+-----
Maces & Flails | 1 2 3 4 5 |  5.6
Throwing       | 5 6 |  6.3
Fighting       | 3 4 |  4.4
Dodging        | |  1.7
Stealth        | |  0.6

Action                   |  1- 3 |  4- 6 |  7- 9 || total
-------------------------+-------+-------+-------++-------
Melee: Short sword       |   134 |       |       ||   134
       Club              |     9 |       |       ||     9
       Mace              |    23 |    80 |       ||   103
       Morningstar       |       |    50 |    19 ||    69
Throw: Large rock        |     9 |    27 |       ||    36
       Javelin           |       |    16 |     1 ||    17
       Throwing net      |       |       |     2 ||     2
 Stab: Sleeping          |     1 |       |       ||     1
  Eat: Chunk             |     3 |     7 |       ||    10
       Pizza             |       |     1 |       ||     1
Armor: Robe              |    43 |    36 |     2 ||    81
Dodge: Dodged            |    96 |   102 |    18 ||   216
